 Dungeon Crawl Stone Soup version 0.29-a0-559-g359e09b9d1 (webtiles) character file.

Game seed: 13074542762570447522

210 Essalna the Ruffian (level 5, -3/44 HPs)
             Began as a Draconian Transmuter on June 10, 2022.
             Frozen to death by an endoplasm (5 damage)
             ... on level 4 of the Dungeon.
             The game lasted 00:05:32 (3739 turns).

Essalna the Ruffian (Draconian Transmuter)          Turns: 3739, Time: 00:05:32

Health: -3/44      AC:  5    Str: 12    XL:     5   Next: 57%
Magic:  8/8        EV: 12    Int: 16    God:
Gold:   126        SH:  0    Dex: 11    Spells: 3/8 levels left

rFire   . . .      SeeInvis .     - Unarmed
rCold   . . .      Faith    .   (no shield)
rNeg    . . .      Spirit   .   (body armour unavailable)
rPois   .          Reflect  .   (helmet restricted)
rElec   .          Harm     .   (no cloak)
rCorr   .          Rampage  .   (no gloves)
Will    .....                   (no boots)
Stlth   +.........              (no amulet)
HPRegen 0.14/turn               (no ring)
MPRegen 0.11/turn               (no ring)

@: about to teleport, weak-willed
A: AC +5, unfitting armour, cold-blooded
a: no special abilities


You were on level 4 of the Dungeon.
You visited 1 branch of the dungeon, and saw 4 of its levels.

You collected 126 gold pieces.

Inventory:

Scrolls
 d - 2 scrolls of identify
 e - a scroll of teleportation
 g - a scroll of vulnerability
 h - a scroll of fear {unknown}
 i - a scroll of immolation {unknown}
 n - a scroll of brand weapon {unknown}
 p - a scroll of amnesia {unknown}
Potions
 a - 2 potions of lignification
 f - 2 potions of magic
 j - a potion of degeneration {unknown}
 k - a potion of invisibility {unknown}
 l - a potion of heal wounds {unknown}
 m - a potion of attraction {unknown}
 o - a potion of brilliance {unknown}


   Skills:
 + Level 2.8 Fighting
 + Level 3.0 Dodging
 + Level 3.9 Unarmed Combat
 - Level 2.0 Spellcasting
 + Level 3.2 Transmutations
 + Level 1.4 Ice Magic


You had 3 spell levels left.
You knew the following spells:

 Your Spells              Type           Power      Damage    Failure   Level
a - Beastly Appendage     Tmut           22%        N/A       5%          1
b - Ice Form              Ice/Tmut       9%         N/A       61%         4

Your spell library contained the following spells:

 Spells                   Type           Power      Damage    Failure   Level
 Wereblood                Tmut           11%        N/A       9%          2
 Spider Form              Tmut/Pois      6%         N/A       32%         3


Dungeon Overview and Level Annotations

Branches:
Dungeon (4/15)
 Temple: D:4-7

Altars:
Vehumet

Shops:
D:3 [

Annotations:
D:4 Menkaure


Innate Abilities, Weirdness & Mutations

Your plain brown scales are hard. (AC +5)
You cannot fit into any form of body armour.
You are cold-blooded and may be slowed by cold attacks.


Message History

An ice beast is nearby!
You aren't carrying any items that you can evoke.
You aren't carrying any items that you can evoke.
You aren't carrying any items that you can evoke.
You aren't carrying any items that you can evoke.
Okay, then.
Menkaure and an endoplasm come into view.
Menkaure shouts!
Menkaure calls on the powers of darkness!
The endoplasm convulses!
Your body is wracked with pain!
Okay, then.
Okay, then.
As you read the scroll labelled PONKOV YGYRGHIL, it crumbles to dust.
It is a scroll of identify.
f - 2 potions of magic
As you read the scroll labelled BADDOLUUKA, it crumbles to dust.
It is a scroll of enchant weapon.
You aren't carrying any weapons that can be enchanted.
As you read the scroll labelled FAIPTE MAETUS, it crumbles to dust.
It is a scroll of enchant armour.
You aren't carrying any armour which can be enchanted further.
As you read the scroll labelled ANGARPH IDDAZA, it crumbles to dust.
Magic quickly surges around you.
It was a scroll of vulnerability.
The ice beast hits you. The ice beast freezes you.
You feel yourself slow down. The endoplasm freezes you.
You are frozen.
* * * LOW HITPOINT WARNING * * *
You feel as though you will be slow longer.
As you read the scroll labelled ZOMEPO CUOR, it crumbles to dust.
You feel strangely unstable.
It was a scroll of teleportation.
The ice beast closely misses you. The endoplasm misses you.
You feel yourself speed up.
The endoplasm hits you but does no damage.
The ice beast hits you.
* * * LOW HITPOINT WARNING * * *
The ice beast freezes you!
* * * LOW HITPOINT WARNING * * *
The endoplasm freezes you.
You are frozen.
You die...

#...########..#
#.....Y.......#
#...#.####.##..# #...#.#
#.# ## #...#.####.#
##############
#..##.#.b#.###.............
#.....####.##..............
#.....# #Y##..............
#....... #@JM..............
#.......#####..............
#...Y...# #......[...(.†.
#......... ##.............
#.......#. ##.....#.....#
##.#.#.<##### #...†.##
...............
........###...<


You could see an ice beast (weak-willed), Menkaure (weak-willed) and an
endoplasm (weak-willed).

Vanquished Creatures
  A hound (D:4)
  Terence (D:2)
  Robin (D:3)
  3 gnolls (D:3)
  4 adders
  2 worms (D:2)
  A dart slug (D:1)
  An orc (D:3)
  5 ball pythons
  6 endoplasms
  2 giant cockroaches (D:1)
  6 goblins
  8 hobgoblins
  10 jackals
  2 quokkas
  6 bats
  2 kobolds
  8 rats
69 creatures vanquished.

Vanquished Creatures (others)
  A rat (D:2)
  2 fungi (D:4)
3 creatures vanquished.

Grand Total: 72 creatures vanquished

Notes
Turn   | Place    | Note
-------+----------+-------------------------------------------
     0 | D:1      | Essalna the Draconian Transmuter began the quest for the
                  | Orb.
     0 | D:1      | Reached XP level 1. HP: 16/16 MP: 3/3
   357 | D:1      | Reached XP level 2. HP: 22/23 MP: 3/5
   789 | D:1      | Reached XP level 3. HP: 29/29 MP: 6/6
  1168 | D:2      | Noticed Terence
  1247 | D:2      | Found a radiant altar of Vehumet.
  1272 | D:2      | Killed Terence
  1273 | D:2      | Reached XP level 4. HP: 16/36 MP: 4/7
  1279 | D:2      | Learned a level 4 spell: Ice Form
  1910 | D:3      | Found Qablaif's Armour Shop.
  1929 | D:3      | Found a faded altar of an unknown god.
  2721 | D:3      | Reached XP level 5. HP: 30/42 MP: 8/8
  2972 | D:3      | Reached skill level 1 in Ice Magic
  3229 | D:3      | Noticed Robin
  3238 | D:3      | Killed Robin
  3718 | D:4      | Noticed an ice beast
  3733 | D:4      | Noticed Menkaure
  3739 | D:4      | HP: 2/44 [ice beast (8)]
  3739 | D:4      | Frozen to death by an endoplasm

Illustrated notes

Levels and vault maps discovered:
D:1:      elethiomel_arrival_infinity_welcomes_careful_drivers, layout_basic
D:2:      layout_rooms, basic_altar, palyth_stone_intersect, uniq_terence
D:3:      layout_basic, serial_shops, shop,
          hellmonk_ecumenical_altar_dog_temple, kennysheep_generic_room_4,
          uniq_robin
D:4:      layout_rooms, mainiacjoe_overflow_tiny_flanked, serial_aquarium,
          aquarium_bridge_square [aquarium_subvault_balcony,
          aquarium_subvault_bridge, aquarium_subvault_bridge,
          aquarium_subvault_balcony], aquarium_bridge_straight
          [aquarium_subvault_bridge, aquarium_subvault_window,
          aquarium_subvault_bridge, aquarium_subvault_wall], aquarium_window_1,
          aquarium_window_1, aquarium_view_2b, aquarium_balcony_3a,
          aquarium_pool_2, uniq_pikel, uniq_crazy_yiuf_cottage, uniq_menkaure

Skill      XL: |  1  2  3  4  5 |
---------------+----------------+-----
Dodging        | 2 3 |  3.0
Fighting       | 2 |  2.8
Transmutations | 3 |  3.2
Ice Magic      | 1 |  1.4
Unarmed Combat | |  3.9
Spellcasting   | |  2.0

Action                   |  1- 3 |  4- 6 || total
-------------------------+-------+-------++-------
Melee: Unarmed           |    85 |   129 ||   214
       Kick              |    15 |    26 ||    41
       Tailslap          |     7 |     6 ||    13
       Headbutt          |    16 |    17 ||    33
       Punch             |       |     2 ||     2
 Cast: Beastly Appendage |    21 |    24 ||    45
  Use: Scroll            |       |     5 ||     5
 Stab: Sleeping          |     1 |       ||     1
Armor: Skin              |    17 |    44 ||    61
Dodge: Dodged            |    52 |    97 ||   149

Table legend: (Time is in decaauts)
 A = Elapsed time spent in this place.
 B = Non-inter-level travel time spent in this place.
 C = Inter-level travel time spent in this place.
 D = Time resting spent in this place.
 E = Time spent auto-exploring this place.
 F = Levels seen in this place.
 G = Mean time per level.
                   A        B        C        D        E       F      G
               +--------+--------+--------+--------+--------+-----+--------+
         Total |   3727 |   3595 |    132 |    311 |   2749 |   4 |  931.8 |
       Dungeon |   3727 |   3595 |    132 |    311 |   2749 |   4 |  931.8 |
               +--------+--------+--------+--------+--------+-----+--------+

Top non-repeatable levels by time:
     D:3: 1708 daAuts
     D:1: 1174 daAuts
     D:2: 722 daAuts
     D:4: 121 daAuts
